cohdb
Replays
Latest Replays
All Replays
Popular Replays
Top Player Replays
Match Explorer
How It Works
Community
CoH3 Stats
Reddit
Sign in to upload your games and track your stats! →
Sign in with Steam
Match 45462376
Unlisted
Match 45462376
Overview
Messages
Build Orders
End
Selects Armored Battlegroup
Selects Assault Engineers
Construct Barracks
Selects Veteran Crews
1⁄4-ton 4x4 Truck
1⁄4-ton 4x4 Truck
M1 Mortar Team
Scout Squad
Air Support Center
Air Supply
Riflemen Squad
P-47 Strafing Run
Riflemen Squad
Construct Medical Station
M1918 Browning Automatic Rifles
P-47 Dive Bomb
P-47 Strafing Run
Riflemen Squad
Double Sortie
P-47 Strafing Run
AI Takeover
nugaraD [CC] touKi GAMING
MisterHarvey[CC]
Pinhead Larry
HulkSMASH
bibotot1995
象棋大师
0
0
Comments
sign in to comment!
No comments posted yet!